 Dungeon Crawl Stone Soup version 0.14-a0-1076-gee4852e (webtiles) character file.

98 PolkaDot the Ruinous (level 3, 0/24 HPs)
             Began as a Vampire Conjurer on Nov 25, 2013.
             Killed from afar by Terence (4 damage)
             ... with a wand of frost
             ... on Level 2 of the Dungeon.
             The game lasted 00:03:10 (1035 turns).

PolkaDot the Ruinous (Vampire Conjurer)             Turns: 1035, Time: 00:03:10

HP   0/24        AC  3     Str  7      XL: 3   Next: 19%
MP   2/6         EV 12     Int 23      God:
Gold 62          SH  0     Dex 14      Spells:  2 memorised,  1 level left

rFire  + . .     SeeInvis +     j - +2,+0 dwarf dagger (drain)
rCold  + . .     Clarity  .     a - +0 robe
rNeg   . . .     Conserve .     (no shield)
rPois  +         rCorr    .     (no helmet)
rElec  +         rRot     .     (no cloak)
SustAb . .       Spirit   .     i - +0 pair of gauntlets
rMut   .         Warding  .     (no boots)
Saprov . . .     Stasis   .     l - amulet of faith {unknown}
                                (no ring)
                                (no ring)

@: regenerating quickly, brilliant, slightly resistant to hostile enchantments,
stealthy
A: fangs 3, see invisible, unbreathing
a: no special abilities


You were on level 2 of the Dungeon.
You were very full.

You visited 1 branch of the dungeon, and saw 2 of its levels.

You collected 62 gold pieces.

Inventory:

Hand weapons
 j - a +2,+0 dwarven dagger of draining (weapon)
Armour
 a - a +0 robe (worn)
 i - a +0 pair of gauntlets (worn)
Scrolls
 b - a scroll of remove curse {unknown}
 d - 4 scrolls of identify {unknown}
 e - a scroll of random uselessness {unknown}
 f - a scroll of enchant weapon II {unknown}
 g - a scroll of teleportation {unknown}
 k - a scroll of curse jewellery {unknown}
Jewellery
 l - an amulet of faith (around neck) {unknown}
Books
 c - a book of Conjurations

   Spells                             Type                      Level
   *Magic Dart                        Conjuration                  1
   *Searing Ray                       Conjuration                  2
   Dazzling Spray                     Conjuration/Hexes            3
   Iskenderun's Mystic Blast          Conjuration                  4
   Iskenderun's Battlesphere          Conjuration/Charms           4
   Fulminant Prism                    Conjuration/Hexes            5


   Skills:
 - Level 2.1 Dodging
 - Level 3.0 Stealth
 - Level 1.0 Spellcasting
 * Level 3.8 Conjurations


You had one spell level left.
You knew the following spells:

 Your Spells              Type           Power        Failure   Level  Hunger
a - Magic Dart            Conj           ####         1%          1    ##.....
s - Searing Ray           Conj           ####..       1%          2    ###....


Dungeon Overview and Level Annotations

Branches:
Dungeon (2/16)

Altars:
Xom

Annotations:
D:2 Terence


Innate Abilities, Weirdness & Mutations

Your natural rate of healing is unusually fast.
You have razor-sharp teeth.*
You have supernaturally acute eyesight.
You can survive without breathing.*


Message History

Confirm with . or Enter, or press ? or * to list all spells.
Aiming: Searing Ray
Press: ? - help, Shift-Dir - straight line, f - Terence
Aim: Terence, wielding a runed short sword, wearing a scale mail and carrying a wand of frost {zapped: 1} The searing ray hits Terence.
Terence zaps a wand.
The puff of frost hits you!
The searing ray hits Terence.
Terence zaps a wand.
The puff of frost hits you!
* * * LOW HITPOINT WARNING * * *
The searing ray hits Terence.
Terence is moderately wounded.
Drink which item? (? for menu, Esc to quit)
You feel more clever all of a sudden.
It was a potion of brilliance.
Drink which item? (? for menu, Esc to quit)
You feel protected.
It was a potion of resistance.
Terence zaps a wand.
The puff of frost hits you! You resist.
* * * LOW HITPOINT WARNING * * *
Terence zaps a wand.
The puff of frost misses you.
Terence zaps a wand.
The puff of frost hits you! You resist.
You die...

... ... #.# #.#
#># #@# #.# #.#
..###.###@#####
.....?.%......#
..###.###.###.#
###.###.....#
............#
g##.###.....#
#.# #.....# .
#.# #.....#
...##.# #..)..#


You could see Terence.

Vanquished Creatures
  2 adders (D:2)
  2 giant geckos (D:2)
  4 bats
  2 giant cockroaches
  4 goblins
  4 hobgoblins
  4 giant newts
  3 kobolds
  2 rats
27 creatures vanquished.

Notes
Turn   | Place    | Note
--------------------------------------------------------------
     0 | D:1      | PolkaDot, the Vampire Conjurer, began the quest for the Orb.
     0 | D:1      | Reached XP level 1. HP: 13/13 MP: 4/4
   180 | D:1      | Reached XP level 2. HP: 17/19 MP: 5/5
   424 | D:1      | Found a shimmering altar of Xom.
   872 | D:2      | Learned a level 2 spell: Searing Ray
   898 | D:2      | Reached XP level 3. HP: 22/24 MP: 6/6
  1019 | D:2      | Noticed Terence
  1035 | D:2      | Killed from afar by Terence

Action                   || total
-------------------------++-------
Melee: Dagger            ||    56
 Cast: Magic Dart        ||    13
       Searing Ray       ||     1
  Use: Potion            ||     3
 Stab: Sleeping          ||     5
